 Dungeon Crawl Stone Soup version 0.30-a0-722-g3e6e8c874d (webtiles) character file.

Game seed: 3715054129444213351

39 CoinPitGoblin the Shooter (level 3, -2/28 HPs)
             Began as a Demonspawn Hunter on Jan 28, 2023.
             Slain by Sigmund
             ... wielding a +0 scythe
              (10 damage)
             ... on level 2 of the Dungeon.
             The game lasted 00:02:41 (902 turns).

CoinPitGoblin the Shooter (Demonspawn Hunter)        Turns: 902, Time: 00:02:42

Health: -2/28      AC:  5    Str: 11    XL:     3   Next: 28%
Magic:  3/3        EV: 12    Int: 10    God:
Gold:   56         SH:  0    Dex: 18    Spells: 2/2 levels left

rFire   . . .      SeeInvis .    d - +0 falchion
rCold   + . .      Faith    .    (no shield)
rNeg    . . .      Spirit   .    c - +0 leather armour
rPois   .          Reflect  .    m - +1 helmet
rElec   .          Harm     .    (no cloak)
rCorr   .          Rampage  .    (no gloves)
Will    .....                    (no boots)
Stlth   ++                       (no amulet)
HPRegen 0.24/turn                g - ring of protection from cold
MPRegen 0.08/turn                (no ring)

@: no status effects
A: hooves 1, spiny 1
a: no special abilities


You were on level 2 of the Dungeon.
You visited 1 branch of the dungeon, and saw 2 of its levels.

You collected 56 gold pieces.

Inventory:

Hand Weapons
 a - a +0 shortbow
 d - a +0 falchion (weapon)
Armour
 c - a +0 leather armour (worn)
 m - a +1 helmet (worn)
Jewellery
 g - a ring of protection from cold (left hand)
Scrolls
 b - a scroll of immolation
Potions
 e - a potion of might {unknown}
 f - a potion of heal wounds {unknown}
 h - a potion of degeneration {unknown}
 j - a potion of brilliance {unknown}
 k - a potion of curing {unknown}


   Skills:
 + Level 2.7 Fighting
 - Level 3.6 Ranged Weapons
 + Level 1.3 Armour
 + Level 2.3 Dodging
 - Level 0.8 Stealth


You had 2 spell levels left.
You didn't know any spells.
Your spell library was empty.

Dungeon Overview and Level Annotations

Branches:
Dungeon (2/15)

Altars:

Shops:
D:1 (*

Annotations:
D:2 Sigmund


Innate Abilities, Weirdness & Mutations

You have large cloven feet.
You are partially covered in sharp spines.


Message History

The kobold is moderately wounded.
The kobold is struck by your spines.
You kill the kobold!
No target in view!
No target in view!
Found a hand axe.
f - a fizzy ruby potion A hobgoblin comes into view.
You slash the hobgoblin!
You kill the hobgoblin!
No target in view!
No target in view!
No target in view!
You now have 56 gold pieces (gained 12).
Found a stone staircase leading down.
Sigmund the Dreaded comes into view.
He is wielding a +0 scythe.
Sigmund shouts!
A ball python comes into view.
There are monsters nearby!
Okay, then.
Okay, then.
Sigmund casts a spell at you. The puff of flame hits you.
Sigmund mumbles some strange words.
Sigmund flickers and vanishes!
Deactivating autopickup; reactivate with Ctrl-A.
Something hits you!
You closely miss something. Your kick misses something. You miss something.
You kick something. Something completely misses you.
The ball python is struck by your spines.
You kill the ball python!
You slash something! Something hits you!
You barely miss something. Something hits you.
* * * LOW HITPOINT WARNING * * *
You hit something.
You hear some strange, mumbled words.
Something tries to affect you, but you resist.
You hit something but do no damage. Your kick misses something.
Something hits you!
You die...

.......#..............
......................#
.......#.###..........#
.##....#.#............#
......................#
......................#
......................#
.............##....###
................@†?#
####....†....###..>#
#.........# #...#
#.).......# #...#
#.........# #...#
#.........# #####
#.........# ###########


There were no monsters in sight!

Vanquished Creatures
  An adder (D:2)
  2 dart slugs (D:1)
  3 endoplasms (D:1)
  4 giant cockroaches (D:1)
  2 goblins
  3 hobgoblins
  5 ball pythons
  2 bats (D:1)
  2 kobolds
  2 rats
26 creatures vanquished.

Notes
Turn   | Place    | Note
-------+----------+-------------------------------------------
     0 | D:1      | CoinPitGoblin the Demonspawn Hunter began the quest for the
                  | Orb.
     0 | D:1      | Reached XP level 1. HP: 16/16 MP: 1/1
    33 | D:1      | Gained mutation: You have large cloven feet. [demonic
                  | ancestry]
    33 | D:1      | Reached XP level 2. HP: 21/23 MP: 2/2
    98 | D:1      | Found Adoruyxy's General Store.
   441 | D:1      | Found Ceomm's Weapon Shoppe.
   675 | D:1      | Reached skill level 1 in Armour
   844 | D:2      | Gained mutation: You are partially covered in sharp spines.
                  | [demonic ancestry]
   844 | D:2      | Reached XP level 3. HP: 24/28 MP: 3/3
   890 | D:2      | Noticed Sigmund
   902 | D:2      | Slain by Sigmund

Illustrated notes

Levels and vault maps discovered:
D:1:      matt_arrival_grand_opening, layout_loops_ring, serial_shops,
          nicolae_shop_hallway_stairs, shop_fountains
D:2:      minmay_alternating_diamond, layout_basic, basic_ecumenical_altar,
          uniq_sigmund

Skill      XL: |  1  2 |
---------------+-------+-----
Dodging        | 2 |  2.3
Armour         | 1 |  1.3
Fighting       | |  2.7
Ranged Weapons | |  3.6
Stealth        | |  0.8

Action                     || total
---------------------------++-------
  Melee: Falchion          ||    66
         Punch             ||     1
         Kick              ||    11
    Use: Scroll            ||     3
 Armour: Leather armour    ||    15
  Dodge: Dodged            ||    36

Table legend: (Time is in decaauts)
 A = Elapsed time spent in this place.
 B = Non-inter-level travel time spent in this place.
 C = Inter-level travel time spent in this place.
 D = Time resting spent in this place.
 E = Time spent auto-exploring this place.
 F = Levels seen in this place.
 G = Mean time per level.
                   A        B        C        D        E       F      G
               +--------+--------+--------+--------+--------+-----+--------+
         Total |    921 |    882 |     39 |      0 |    661 |   2 |  460.5 |
       Dungeon |    921 |    882 |     39 |      0 |    661 |   2 |  460.5 |
               +--------+--------+--------+--------+--------+-----+--------+

Top non-repeatable levels by time:
     D:1: 791 daAuts
     D:2: 130 daAuts
